AoeStats
← Marian

Migration

509921333Analyzed
1v1 RM · 3d ago on Sep 28, 2026· 44m 40s· 2 players
Game mode
Random Map
Map size
132×132
Population
200
Speed
Normal
Resources
Standard
Victory
Conquest
Starting age
Dark Age
Ending age
Imperial Age
RankedLock teamsTeams togetherTeam positionsShared explorationLock speedFull tech treeHidden civsTurbo modeCheats
Victory
Defeat
🇷🇴 Sicilians · Romania
578
+17
🇫🇷 Khmer · France
609
-17
Marian
13:29 Feudal Age
15:00 Man-at-Arms
16:03 Double-Bit Axe
16:32 Horse Collar
16:38 Fishing Lines
23:01 Castle Age
25:15 Bow Saw
27:30 Heavy Plow
27:29 Stone Mining
27:29 Gold Mining
30:09 Gillnets
34:35 Forging
34:31 Scale Barding Armor
34:27 Scale Mail Armor
44:45 Imperial Age
charcouille
0:31 Loom
14:01 Feudal Age
15:33 Wheelbarrow
19:38 Town Watch
23:35 Castle Age
25:04 Pikeman
32:46 Light Cavalry
37:11 Town Patrol
Connection lost

Rejoining the realm…

Still unreachable

The connection could not be restored.

Session expired

The server has moved on; the page needs a fresh start.